Unix NetHack Version 5.0.0-0 post-release - last build May 31 2026 23:59:36 (970b52f25bf058293b47ddfd14a1e40e571c508c,branch:main).

Game began 2026-06-07 19:09:28, ended 2026-06-08 01:27:31.

Kwijibo4686, neutral female human Valkyrie

     -----
     |.l.|
     |...|
     |...-##             ----------------
     |...|#              |..............|
     |...|#              |..>...........|
     --.--##      #######...............|
       #   ####  ##      -.--------------
       ####   #  #        #
          ########        #
     ---------.-##        #
     |.........-###  ######
     |.........|  #  #-----------
     |..........    ##|.......^.|        ------
     -----------     #|...<.....|        |....|
                     #-..........###)####T@...-
                      -----------        ------

Kwijibo4686 the Woman-at-arms  St:25 Dx:14 Co:18 In:9 Wi:12 Ch:8  Neutral
Dlvl:20 $:124 HP:0(115) Pw:23(23) AC:-7 Xp:12/26631 T:17869  Satiated

Latest messages:
 The door opens.
 The Olog-hai opens a door.
 You hear a nearby zap.
 The wand misses you.
 You hear a nearby zap.
 The wand misses you.
 The massive hammer hits!  Lightning strikes the Olog-hai!
 The Olog-hai zaps a wand of striking!
 The wand misses you.
 The massive hammer hits!  Lightning strikes the Olog-hai!
 The Olog-hai zaps a wand of striking!
 The wand hits you!
 The massive hammer hits!  Lightning strikes the Olog-hai!
 The Olog-hai's wand of striking breaks apart and explodes!
 The massive hammer hits!  Lightning strikes the Olog-hai!
 You kill the Olog-hai!
 The Olog-hai rises from the dead!
 The soldier ant bites!
 The soldier ant misses!
 The massive hammer hits!  Lightning strikes the soldier ant!
 The soldier ant bites!
 The soldier ant stings!
 The soldier ant bites!
 The soldier ant just misses!
 The massive hammer hits!  Lightning strikes the soldier ant!
 You kill the soldier ant!
 $ - 5 gold pieces (124 in total).
 The Olog-hai wields a hilted polearm!
 The Olog-hai bashes with her hilted polearm.
 The Olog-hai hits!
 The Olog-hai hits!
 The Olog-hai bites!
 The massive hammer hits!  Lightning strikes the Olog-hai!
 You miss the Olog-hai.
 The Olog-hai bashes with her hilted polearm.
 The Olog-hai hits!
 The Olog-hai hits!
 The Olog-hai bites!
 You miss the Olog-hai.
 The massive hammer hits!  Lightning strikes the Olog-hai!
 The Olog-hai bashes with her hilted polearm.
 The Olog-hai hits!
 The Olog-hai hits!
 The Olog-hai bites!
 The massive hammer hits!  Lightning strikes the Olog-hai!
 The Olog-hai bashes with her hilted polearm.
 The Olog-hai hits!
 The Olog-hai hits!
 You die...
 Do you want your possessions identified? [ynq] (y) q

Inventory:
 Coins    ('$')
  $ - 124 gold pieces
 Weapons  (')')
  t - the rustproof +0 Mjollnir (weapon in right hand)
 Armor    ('[')
  L - an uncursed +0 dwarvish iron helm (being worn)
  g - an uncursed +0 pair of gauntlets of power (being worn)
  M - an uncursed +0 pair of iron shoes (being worn)
  c - an uncursed very burnt very rotted +3 small shield (being worn)
  N - an uncursed +0 dwarvish mithril-coat (being worn)
 Comestibles  ('%')
  f - an uncursed lizard corpse
 Scrolls  ('?')
  m - a blessed scroll of blank paper
  l - an uncursed scroll of teleportation
 Wands    ('/')
  K - a wand of polymorph (0:4)
 Tools    ('(')
  a - an uncursed bag of holding containing 23 items
  V - an empty cursed oilskin sack
  Z - a cursed bag of tricks (0:2)
  i - an uncursed lock pick
  e - an uncursed magic whistle
  h - a +0 pick-axe (alternate weapon; not wielded)
  s - a +0 unicorn horn
 Gems/Stones  ('*')
  D - an uncursed luckstone
  d - an uncursed touchstone

Contents of the bag of holding:
  7670 gold pieces
  an uncursed +0 pair of elven boots
  an uncursed +0 pair of jumping boots
  an uncursed +0 shield of reflection
  an uncursed +0 mummy wrapping
  2 uncursed slime molds
  2 uncursed C-rations
  an uncursed cream pie
  16 uncursed food rations
  an uncursed scroll of create monster
  an uncursed scroll of light
  a blessed scroll of earth
  an uncursed potion of booze
  an uncursed potion of gain energy
  a cursed potion of hallucination
  an uncursed potion of healing
  an uncursed potion of extra healing
  an uncursed potion of gain level
  an uncursed potion of paralysis
  an uncursed +1 ring of increase damage
  an uncursed skeleton key
  a tinning kit (0:43)
  an uncursed towel

Kwijibo4686 the Valkyrie's attributes:

Background:
 You were a Woman-at-arms, a level 12 human Valkyrie.
 You were neutral, on a mission for Odin
 who was opposed by Tyr (lawful) and Loki (chaotic).
 You were right-handed.
 You were in the Dungeons of Doom, on level 20.
 You entered the dungeon 17869 turns ago.
 It was nighttime.
 You had 26631 experience points, 13369 more were needed to attain level 13.

Basics:
 You had 0 out of 115 hit points.
 You had all 23 energy points (spell power).
 Your armor class was -7.
 Your wallet contained 124 zorkmids, and
 you had 7670 more stashed away in your pack.
 Autopickup was on for '$?!/="' plus thrown.

Final Characteristics:
 Your strength was 25 (base:18/05, peak:18/06, innate limit:18/100).
 Your dexterity was 14 (limit:18).
 Your constitution was 18 (limit:18).
 Your intelligence was 9 (limit:18).
 Your wisdom was 12 (limit:18).
 Your charisma was 8 (limit:18).

Final Status:
 You were satiated.
 You were unencumbered.
 You were wielding a hammer.
 You had expert skill with hammer.

Final Attributes:
 You were piously aligned.
 You were cold resistant.
 You were sleep resistant.
 You were shock resistant.
 You were poison resistant.
 You were stealthy.
 You had a small defense bonus (+3).
 You were guarded.
 You were fast.
 You were lucky.
 You had extra luck.
 Bad luck did not time out for you.
 Good luck did not time out for you.
 You are dead.

Miscellaneous:
 You encountered 4 bones levels.
 Total elapsed playing time was 3 hours, 1 minute and 5 seconds.

Major events:
 Turn
    1: Kwijibo4686 the neutral human Valkyrie entered the dungeon
  506: entered the Gnomish Mines
  513: attained the rank of Skirmisher (level 3)
 1501: attained the rank of Fighter (level 6)
 3841: reached Mine Town
 5397: acquired the Mines' End luckstone
 9441: was bestowed with Mjollnir by Odin
 9975: entered Sokoban
10156: attained the rank of Woman-at-arms (level 10)
10237: completed 1st Sokoban level
10505: completed 2nd Sokoban level
10804: completed 3rd Sokoban level
11509: completed 4th Sokoban level
11638: acquired the Sokoban bag of holding
17869: killed by an Olog-hai

You didn't know any spells.

Skills:
 Fighting Skills
   bare handed combat [Unskilled]
   two weapon combat  [Unskilled]
   riding             [Unskilled]
 Weapon Skills
   dagger             [Basic]
   axe                [Unskilled]
   pick-axe           [Unskilled]
   short sword        [Unskilled]
   broadsword         [Unskilled]
   long sword         [Unskilled]
   two-handed sword   [Unskilled]
   saber              [Unskilled]
   hammer             [Expert]
   quarterstaff       [Unskilled]
   polearms           [Unskilled]
   spear              [Expert]
   trident            [Unskilled]
   lance              [Unskilled]
   sling              [Unskilled]
 Spellcasting Skills
   attack spells      [Unskilled]
   escape spells      [Unskilled]

Voluntary challenges:
 Character rerolling was not enabled.
 You never genocided any monsters.
 You never polymorphed an object.
 You used no wishes.
 You did not violate any of the special Sokoban rules.
Achievements:
 You entered the Gnomish Mines.
 You attained the rank of Skirmisher.
 You attained the rank of Fighter.
 You entered Minetown.
 You entered a shop.
 You entered a temple.
 You completed the Gnomish Mines.
 You entered Sokoban.
 You attained the rank of Woman-at-arms.
 You completed Sokoban.

 The Dungeons of Doom: levels 1 to 21
    Level 1:
    Level 2:
       A fountain.
       Stairs down to The Gnomish Mines.
    Level 3:
    Level 4:
       A weapon shop, an altar to Odin.
       Final resting place for
          needler-Tou-Hum-Mal-Neu, killed by a giant bat.
    Level 5:
    Level 6:
       Many altars.
    Level 7:
       A fountain.
       Final resting place for
          Eldrich-Arc-Hum-Mal-Law, killed by a dog.
    Level 8:
       Many fountains.
    Level 9:
       Stairs up to Sokoban, level 8.
    Level 10:
    Level 11:
       Some fountains.
    Level 12:
       A grave.
    Level 13:
       A potion shop.
    Level 14:
       A general store, a fountain.
    Level 15:
       A primitive area.
       Summoned by the Norn.
    Level 16:
       A grave.
    Level 17: "v"
    Level 18:
    Level 19:
       Some shops, some fountains.
    Level 20: <- You were here.
       Final resting place for
          you, killed by an Olog-hai.
    Level 21:
 The Gnomish Mines: levels 3 to 10
    Level 3:
    Level 4:
    Level 5:
    Level 6:
       Many shops, a temple and an altar to Odin, some fountains, some trees.
       Final resting place for
          DiePARTEI-Tou-Hum-Fem-Neu, killed by a dwarf.
    Level 7:
       A grave.
       Final resting place for
          SpockMan02-Wiz-Hum-Fem-Neu, killed by a gnome king, while moving through the air.
    Level 8:
    Level 9:
    Level 10:
 Sokoban: levels 8 up to 5
    Level 5:
       Solved.
    Level 6:
       Solved.
    Level 7:
       Solved.
    Level 8:
       Solved.


Vanquished creatures:
  a baluchitherium
 an Olog-hai
  2 trappers
  a nurse
  a lurker above
  a vampire
  a lieutenant
  4 ghosts
  2 queen bees
  2 giant mimics
  2 zruties
 an ogre tyrant
  2 couatls
  a stalker
 an air elemental
  a water elemental
  a giant mummy
  2 black nagas
  a sergeant
  a warg
 11 small mimics
  a glass piercer
  a warhorse
  2 xans
 an ettin mummy
  2 ogre leaders
  3 quantum mechanics
  a gelatinous cube
  a flaming sphere
  a large cat
  2 tigers
  a gargoyle
  a dwarf ruler
  a tengu
  2 elf mummies
  a human mummy
  2 pit vipers
  a cobra
  2 wraiths
  3 carnivorous apes
 an ettin zombie
  3 Grey-elves
  3 chameleons
  a crocodile
  2 giant beetles
  3 quivering blobs
  2 cockatrices
  a wolf
  5 winter wolf cubs
  3 lynxes
  3 gremlins
  a spotted jelly
  3 leprechauns
 an iron piercer
  3 giant spiders
  a scorpion
 an ice vortex
  2 vampire bats
  5 gnome rulers
  2 dwarf mummies
 an ogre
  9 brown puddings
 an owlbear
  2 yetis
  a gold golem
  3 werewolves
  6 Green-elves
  3 lizards
  3 chickatrices
  a dingo
  2 housecats
  a jaguar
  a dwarf leader
  4 blue jellies
  a white unicorn
  3 black unicorns
  2 dust vortices
  5 ravens
  a gnome mummy
  a snake
  a human zombie
  3 rope golems
  4 Woodland-elves
  7 soldier ants
  a fire ant
  a bugbear
 an imp
  2 quasits
  2 wood nymphs
  2 mountain nymphs
 11 Mordor orcs
  3 rock piercers
  a rock mole
  a pony
  2 fog clouds
  6 yellow lights
  2 shriekers
  a violet fungus
 16 gnome leaders
  8 gnomish wizards
  3 kobold mummies
  a red naga hatchling
  4 gray oozes
  8 elf zombies
  a ghoul
  a straw golem
  a paper golem
  a giant ant
  a little dog
  4 floating eyes
  a kitten
 21 dwarves
  a homunculus
  a kobold leader
  a kobold shaman
  5 hill orcs
 11 rothes
  4 rabid rats
  a centipede
  5 giant bats
  2 monkeys
  3 wererats
  a werejackal
 10 iguanas
 34 killer bees
  2 acid blobs
  2 coyotes
  a gas spore
 10 hobbits
  3 large kobolds
  2 hobgoblins
  6 giant rats
  2 cave spiders
  a brown mold
  a yellow mold
  a green mold
 60 gnomes
  4 garter snakes
  3 gnome zombies
  7 geckos
  9 jackals
  2 kobolds
  9 goblins
  2 sewer rats
  5 grid bugs
  9 bats
  7 lichens
  4 kobold zombies
  6 newts
525 creatures vanquished.

No species were genocided or became extinct.

Game over:
                       ----------
                      /          \
                     /    REST    \
                    /      IN      \
                   /     PEACE      \
                  /                  \
                  |   Kwijibo4686    |
                  |     7794 Au      |
                  |   killed by an   |
                  |     Olog-hai     |
                  |                  |
                  |                  |
                  |       2026       |
                 *|     *  *  *      | *
        _________)/\\_//(\/(/\)/\//\/|_)_______

Farvel Kwijibo4686 the Valkyrie...

You died in The Dungeons of Doom on dungeon level 20 with 82263 points,
and 7794 pieces of gold, after 17869 moves.
You were level 12 with a maximum of 115 hit points when you died.

